 Dungeon Crawl Stone Soup version 0.29-a0-88-g03a7b78be7 (webtiles) character file.

Game seed: 17796690788600290948

8787 Zankyou the Thaumaturge (level 11, -4/61 HPs)
             Began as a Deep Elf Fire Elementalist on Feb 5, 2022.
             Was a Believer of Vehumet.
             Slain by a two-headed ogre (25 damage)
             ... on level 10 of the Dungeon.
             The game lasted 00:13:27 (14054 turns).

Zankyou the Thaumaturge (DEFE)                     Turns: 14054, Time: 00:13:28

Health: -4/61      AC: 11    Str:  9    XL:     11   Next: 14%
Magic:  28/38      EV: 14    Int: 29    God:    Vehumet [**....]
Gold:   1144       SH:  0    Dex: 19    Spells: 20/34 levels left

rFire   + . .      SeeInvis .   a - +2 short sword (protect)
rCold   . . .      Faith    .   (no shield)
rNeg    . . .      Spirit   .   k - +4 robe of Augmentation {Str+4 Int+4 Dex+4}
rPois   .          Reflect  .   p - +0 helmet
rElec   .          Harm     .   i - +2 cloak
rCorr   .          Rampage  .   u - +0 pair of gloves
Will    +....                   (no boots)
Stlth   +++.......              (no amulet)
HPRegen 0.20/turn               y - ring of magical power
MPRegen 0.26/turn               A - ring of protection from fire

@: no status effects
A: no striking features
a: Renounce Religion


You were on level 10 of the Dungeon.
You worshipped Vehumet.
Vehumet was pleased with you.
You visited 2 branches of the dungeon, and saw 11 of its levels.

You collected 1381 gold pieces.
You spent 237 gold pieces at shops.

Inventory:

Hand Weapons
 a - a +2 short sword of protection (weapon)
Armour
 i - a +2 cloak (worn)
 k - the +4 robe of Augmentation (worn) {Str+4 Int+4 Dex+4}
   (You found it on level 6 of the Dungeon)

   Str:       It affects your strength (+4).
   Int:       It affects your intelligence (+4).
   Dex:       It affects your dexterity (+4).
 p - a +0 helmet (worn)
 u - a +0 pair of gloves (worn)
Jewellery
 y - a ring of magical power (left hand)
 A - a ring of protection from fire (right hand)
Wands
 j - a wand of flame (82)
 w - a wand of mindburst (12)
 x - a wand of acid (4)
 B - a wand of paralysis (11)
 C - a wand of iceblast (6)
 D - a wand of polymorph (5)
Scrolls
 d - a scroll of fear
 g - 5 scrolls of blinking
 l - a scroll of vulnerability {unknown}
 m - 3 scrolls of magic mapping {unknown}
 n - a scroll of brand weapon {unknown}
 q - a scroll of enchant armour {unknown}
 s - 6 scrolls of teleportation {unknown}
 z - 4 scrolls of noise {unknown}
 H - a scroll of holy word {unknown}
 I - a scroll of amnesia {unknown}
Potions
 b - 7 potions of might {unknown}
 c - 2 potions of mutation {unknown}
 e - 3 potions of curing {unknown}
 f - 2 potions of flight {unknown}
 h - a potion of brilliance {unknown}
 o - a potion of resistance {unknown}
 r - 5 potions of haste {unknown}
 t - 2 potions of magic {unknown}
 v - a potion of lignification {unknown}
 E - a potion of attraction {unknown}
 F - a potion of heal wounds
 G - a potion of ambrosia {unknown}


   Skills:
 + Level 4.2 Fighting
 * Level 4.4 Short Blades
 - Level 4.0 Dodging
 - Level 6.0 Stealth
 - Level 12.0 Spellcasting
 - Level 10.0 Conjurations
 - Level 9.0 Fire Magic
 + Level 3.3 Evocations


You had 20 spell levels left.
You knew the following spells:

 Your Spells              Type           Power      Damage    Failure   Level
a - Foxfire               Conj/Fire      100%       2x1d9     1%          1
b - Scorch                Fire           100%       2d10      1%          2
c - Inner Flame           Hex/Fire       43%        N/A       1%          3
d - Flame Wave            Conj/Fire      64%        2d12      1%          4
e - Sticky Flame          Conj/Fire      64%        2d8       1%          4

Your spell library contained the following spells:

 Spells                   Type           Power      Damage    Failure   Level
 Searing Ray              Conj           100%       2d8       1%          2
 Static Discharge         Conj/Air       46%        N/A       1%          2
 Conjure Flame            Conj/Fire      64%        6-21      1%          3
 Ignite Poison            Fire/Tmut/Pois 34%        N/A       2%          3
 Dispel Undead            Necr           17%        3d10      30%         4


Dungeon Overview and Level Annotations

Branches:
Dungeon (10/15)            Temple (1/1) D:7             Orc (0/2) D:10
   Lair: D:8-11

Altars:
Ashenzari
Cheibriados
Dithmenos
Elyvilon
Fedhas
Gozag
Hepliaklqana
Kikubaaqudgha
Makhleb
Nemelex Xobeh
Okawaru
Qazlal
Ru
Sif Muna
Trog
Uskayaw
Vehumet
Wu Jian
Xom
Yredelemnul
Zin
The Shining One
Ignis

Shops:
D:2 [   D:4 *   D:10 *

Annotations:
D:10 Gastronok


Message History

The flame wave engulfs the two-headed ogre!
The two-headed ogre is moderately wounded.
The gnoll barely misses you.
Unknown command.
A wave of flame ripples out!
The flame wave engulfs the gnoll.
You kill the gnoll!
Vehumet accepts your kill.
You feel your power returning.
The flame wave engulfs the two-headed ogre.
The two-headed ogre is moderately wounded.
The flame wave engulfs the gnoll.
The gnoll is heavily wounded.
The flame wave engulfs the gnoll shaman!
The gnoll shaman is severely wounded.
You finish channelling waves of flame.
The two-headed ogre completely misses you.
The two-headed ogre hits you with a +0 giant club!!
Casting: Flame Wave (dangerous; 1% risk of failure)
Confirm with . or Enter, or press ? or * to list all spells.
Aiming: Inner Flame (safe; 1% risk of failure)
Press: ? - help, Dir - move target, f - two-headed ogre
Aim: a two-headed ogre, wielding two +0 giant clubs (moderately wounded, chance to affect: 80%)
The two-headed ogre barely resists.
The two-headed ogre barely misses you.
The two-headed ogre hits you with a +0 giant club!!
Unknown command.
There is an open door here.
Press: ? - help, v - describe, . - travel
Here: a two-headed ogre, wielding two +0 giant clubs (moderately wounded)
The floor.
Casting: Inner Flame (safe; 1% risk of failure)
Confirm with . or Enter, or press ? or * to list all spells.
Aiming: Sticky Flame (dangerous; 1% risk of failure)
Press: ? - help, Shift-Dir - straight line, f/p - two-headed ogre
Aim: a two-headed ogre, wielding two +0 giant clubs (moderately wounded, 100% to hit)
The sticky flame hits the two-headed ogre!
The two-headed ogre is heavily wounded.
The two-headed ogre is covered in liquid flames!
The two-headed ogre burns!
The two-headed ogre closely misses you.
The two-headed ogre hits you with a +0 giant club!!
You die...

# #.).>......# ....... #
###..>.......# .......
####.'..........# .......
'....#..>.......# .......
######..........###.......
# #..........#.gg...... #
#..........#.#....... #
#..........#O#....... #
#..........@.#....... #
#..........###....... #
#..........# .......
########.### ....... #..
....... ##.. ..♣ ..♣


You could see a two-headed ogre (burning) and a gnoll shaman.

Vanquished Creatures
  Erica (D:8)
  A two-headed ogre (D:10)
  2 centaur zombies (D:10)
  Joseph (D:8)
  Maurice (D:8)
  Grinder (D:3)
  A meliai zombie (D:10)
  Sigmund (D:2)
  A yak (D:10)
  A wyvern (D:9)
  2 wraiths (D:9)
  An acid dragon (D:10)
  4 water moccasins
  6 orc warriors
  4 black bears
  An ice beast (D:7)
  A hornet zombie (D:8)
  5 boggarts (D:10)
  7 centaurs
  5 ogres
  A phantom (D:6)
  3 kobold brigands
  6 bullfrogs
  2 scorpions
  4 wights (D:8)
  An electric eel (D:6)
  3 howler monkeys (D:9)
  A jelly (D:7)
  A bullfrog zombie (D:6)
  8 orc priests
  A gnoll shaman (D:6)
  5 hounds
  Jessica (D:2)
  2 iguanas
  Ijyb (D:3)
  10 orc wizards
  A scorpion zombie (D:5)
  A howler monkey zombie (D:6)
  6 gnolls
  6 adders
  A shadow imp (D:7)
  A white imp (D:7)
  An ufetubus (D:5)
  4 worms
  The ghost of axecop the Sneak, a weakling HODe (D:5)
  2 dart slugs
  31 orcs
  6 endoplasms
  A giant cockroach (D:3)
  6 goblins
  4 hobgoblins
  4 jackals (D:4)
  18 kobolds
  3 quokkas
  7 ball pythons
  3 bats
  4 frilled lizards
  6 rats
214 creatures vanquished.

Vanquished Creatures (others)
  445 foxfires
  55 fungi (D:10)
  54 plants
  2 withered plants (D:5)
556 creatures vanquished.

Grand Total: 770 creatures vanquished

Notes
Turn   | Place    | Note
-------+----------+-------------------------------------------
     0 | D:1      | Zankyou the Deep Elf Fire Elementalist began the quest for
                  | the Orb.
     0 | D:1      | Reached XP level 1. HP: 10/10 MP: 6/6
   237 | D:1      | Reached XP level 2. HP: 15/15 MP: 5/8
   240 | D:1      | Learned a level 2 spell: Scorch
   550 | D:1      | You fall into a shaft and drop 1 floor!
   554 | D:2      | Noticed Jessica
   566 | D:2      | Killed Jessica
   567 | D:2      | Reached XP level 3. HP: 19/19 MP: 3/10
   581 | D:2      | Learned a level 3 spell: Inner Flame
   840 | D:2      | Found Umeme's Armour Shop.
  1097 | D:1      | Noticed a golden eye
  1100 | D:1      | Reached skill level 4 in Spellcasting
  1100 | D:1      | Reached XP level 4. HP: 24/24 MP: 10/12
  1104 | D:1      | Found a faded altar of an unknown god.
  1133 | D:1      | Noticed a floating eye
  1137 | D:1      | Noticed an eye of devastation
  1137 | D:1      | Noticed a floating eye
  1830 | D:2      | Noticed Sigmund
  1852 | D:2      | Killed Sigmund
  1853 | D:2      | Reached skill level 5 in Spellcasting
  1853 | D:2      | Reached skill level 5 in Fire Magic
  1853 | D:2      | Reached XP level 5. HP: 14/28 MP: 5/15
  1862 | D:2      | Learned a level 4 spell: Flame Wave
  2575 | D:3      | Reached XP level 6. HP: 32/32 MP: 9/16
  2623 | D:3      | Noticed Grinder
  2626 | D:3      | Paralysed by Grinder for 7 turns
  2637 | D:3      | Killed Grinder
  2638 | D:3      | Reached skill level 6 in Spellcasting
  2802 | D:3      | Reached XP level 7. HP: 30/36 MP: 10/19
  3000 | D:3      | Noticed Ijyb
  3004 | D:3      | Killed Ijyb
  3367 | D:4      | Reached skill level 7 in Spellcasting
  3644 | D:4      | Found Maikk's General Store.
  3652 | D:4      | Bought a scroll of identify for 20 gold pieces
  3665 | D:4      | Learned a level 4 spell: Sticky Flame
  4040 | D:4      | Found a shimmering blue altar of Sif Muna.
  4145 | D:5      | Entered Level 5 of the Dungeon
  4149 | D:5      | Found a glowing silver altar of Zin.
  4197 | D:5      | Found a sparkling altar of Nemelex Xobeh.
  4354 | D:5      | Reached skill level 8 in Spellcasting
  4598 | D:5      | Found a runed translucent door.
  4598 | D:5      | Noticed axecop's ghost (weakling HODe)
  4611 | D:5      | Found a burning altar of Makhleb.
  4975 | D:5      | Killed axecop's ghost
  5348 | D:5      | Identified the +8 great mace of Pandemonium {speed, Fly
                  | rPois Will- Str+7 Dex-3}
  5803 | D:6      | Reached XP level 8. HP: 38/41 MP: 9/22
  6090 | D:6      | Reached skill level 9 in Spellcasting
  6806 | D:6      | Found the +4 robe of Augmentation {Str+4 Int+4 Dex+4}
  7689 | D:6      | Reached skill level 10 in Spellcasting
  7709 | D:6      | Found a white marble altar of Elyvilon.
  8215 | D:7      | Reached skill level 11 in Spellcasting
  8215 | D:7      | Reached XP level 9. HP: 46/46 MP: 21/26
  8281 | D:7      | Found a shadowy altar of Dithmenos.
  8452 | D:7      | Found a snail-covered altar of Cheibriados.
  8944 | D:7      | Found a hazy altar of Hepliaklqana.
  9045 | D:7      | Found a staircase to the Ecumenical Temple.
  9057 | D:7      | Reached skill level 12 in Spellcasting
  9339 | Temple   | Entered the Ecumenical Temple
  9355 | Temple   | Became a worshipper of Vehumet
  9641 | D:7      | Found a stormy altar of Qazlal.
  9811 | D:4      | Bought a wand of mindburst (12) for 160 gold pieces
  9909 | D:8      | Identified a scroll of acquirement
  9910 | D:8      | Acquired 882 gold pieces
  9965 | D:8      | Noticed Joseph
  9972 | D:8      | Killed Joseph
  9973 | D:8      | Reached skill level 5 in Stealth
  9987 | D:8      | Reached skill level 5 in Conjurations
 10915 | D:8      | Reached skill level 1 in Fighting
 10960 | D:8      | Reached XP level 10. HP: 25/52 MP: 20/28
 11162 | D:8      | Noticed Erica
 11512 | D:8      | Killed Erica
 11684 | D:8      | Noticed Maurice
 11696 | D:8      | Killed Maurice
 11818 | D:8      | Found an iron altar of Okawaru.
 12337 | D:9      | Reached * piety under Vehumet
 12337 | D:9      | Offered knowledge of Shock by Vehumet.
 13095 | D:10     | Entered Level 10 of the Dungeon
 13106 | D:10     | Reached skill level 10 in Conjurations
 13167 | D:10     | Found Gemom's Assorted Antiques.
 13181 | D:10     | Bought a fuming sapphire potion for 19 gold pieces
 13181 | D:10     | Bought a viscous ruby potion for 19 gold pieces
 13181 | D:10     | Bought a lumpy white potion for 19 gold pieces
 13228 | D:10     | Noticed Gastronok
 13254 | D:10     | Reached skill level 1 in Short Blades
 13389 | D:10     | Reached skill level 1 in Evocations
 13495 | D:10     | Found a staircase to the Orcish Mines.
 13539 | D:10     | Offered knowledge of Searing Ray by Vehumet.
 13539 | D:10     | Reached ** piety under Vehumet
 13540 | D:10     | Reached XP level 11. HP: 16/60 MP: 21/29
 13905 | D:10     | Noticed a two-headed ogre
 13914 | D:10     | Killed a two-headed ogre
 14043 | D:10     | Noticed a two-headed ogre
 14054 | D:10     | Slain by a two-headed ogre

Illustrated notes

Levels and vault maps discovered:
D:1:      doesnt_arrival_eight_statues, layout_rooms,
          hellmonk_ecumenical_altar_watching_god,
          chequers_serial_rivers_small_b, hangedman_decor_clover_reticule,
          chequers_garden
D:2:      layout_basic, serial_shops, shop, fountainhead,
          minmay_tree_intersection, st_stairs_14, nrook_mini_backslash,
          nicolae_wormholes, uniq_jessica, uniq_sigmund
D:3:      layout_rooms, uniq_ijyb, uniq_grinder
D:4:      layout_loops_cross, kennysheep_mini_moat, serial_shops, shop
D:5:      layout_gridville, kennysheep_mini, lemuel_doored_altar,
          mainiacjoe_overflow_surrounded_room, gammafunk_ghost_grave,
          minmay_misc_feat_rows, kennysheep_cross_room
D:6:      layout_basic, nicolae_elyvilon_temple_path
D:7:      layout_loops_ring, lemuel_coloured_pillars_altar,
          mainiacjoe_overflow_six_doors_small, nicolae_overflow_crystal_walls,
          mainiacjoe_overflow_cross_hatched, minmay_temple_entry_mist
D:8:      layout_loops_ring, mainiacjoe_overflow_alcove_1, uniq_maurice,
          uniq_joseph, uniq_erica
D:9:      layout_loops_cross
D:10:     layout_roguey, due_lair_maze_entry_diamond, serial_shops,
          nicolae_shop_stone, serial_bayou_pond_e, serial_park_tiny_2,
          nrook_campfire, uniq_gastronok
Temple:   ebering_untended_altars

Skill      XL: |  1  2  3  4  5  6  7  8  9 10 11 |
---------------+----------------------------------+-----
Fire Magic     | 4 5 6 7 8 9 |  9.0
Spellcasting   | 4 5 6 8 11 12 | 12.0
Stealth        | 3 6 |  6.0
Conjurations   | 2 3 7 10 | 10.0
Dodging        | 3 4 |  4.0
Fighting       | 1 3 4 |  4.2
Short Blades   | 3 4 |  4.4
Evocations     | 2 3 |  3.3

Action                   |  1- 3 |  4- 6 |  7- 9 | 10-12 || total
-------------------------+-------+-------+-------+-------++-------
Melee: Unarmed           |       |       |     1 |       ||     1
       Short sword       |       |       |       |     2 ||     2
 Cast: Foxfire           |    67 |    60 |   115 |    28 ||   270
       Scorch            |       |    13 |   132 |    67 ||   212
       Flame Wave        |       |       |     6 |     6 ||    12
       Sticky Flame      |       |       |     2 |     7 ||     9
       Inner Flame       |       |       |       |     1 ||     1
  Use: Scroll            |       |       |     4 |     2 ||     6
 Stab: Sleeping          |       |       |       |     1 ||     1
Armor: Robe              |     1 |     3 |    22 |    39 ||    65
Dodge: Dodged            |     1 |     4 |    49 |    57 ||   111

Table legend: (Time is in decaauts)
 A = Elapsed time spent in this place.
 B = Non-inter-level travel time spent in this place.
 C = Inter-level travel time spent in this place.
 D = Time resting spent in this place.
 E = Time spent auto-exploring this place.
 F = Levels seen in this place.
 G = Mean time per level.
                   A        B        C        D        E       F      G
               +--------+--------+--------+--------+--------+-----+--------+
         Total |  14078 |  13292 |    786 |   3287 |   8330 |  11 | 1279.8 |
       Dungeon |  14007 |  13227 |    780 |   3287 |   8287 |  10 | 1400.7 |
        Temple |     71 |     65 |      6 |      0 |     43 |   1 |   71.0 |
               +--------+--------+--------+--------+--------+-----+--------+

Top non-repeatable levels by time:
     D:6: 2441 daAuts
     D:8: 1937 daAuts
     D:7: 1767 daAuts
     D:5: 1699 daAuts
     D:2: 1633 daAuts
     D:9: 991 daAuts
    D:10: 960 daAuts
     D:1: 896 daAuts
     D:4: 856 daAuts
     D:3: 822 daAuts
  Temple: 71 daAuts
